 Dungeon Crawl Stone Soup version 0.17.2 (webtiles) character file.

79 Goblin1989 the Insei (level 4, -1/35 HPs)
             Began as a Demonspawn Monk on July 13, 2016.
             Was an Initiate of Gozag.
             Slain by a goblin
             ... wielding a +4 dagger
             ... led by Robin
              (2 damage)
             ... on level 2 of the Dungeon.
             The game lasted 00:04:15 (1642 turns).

Goblin1989 the Insei (Demonspawn Monk)              Turns: 1642, Time: 00:04:16

Health: -1/35      AC:  7    Str: 12    XL:     4   Next: 16%
Magic:  4/4        EV:  7    Int: 11    God:    Gozag
Gold:   181        SH:  9    Dex: 16    Spells: 0 memorised, 3 levels left

rFire  . . .     SeeInvis .       - Unarmed
rCold  . . .     Clarity  .     m - +1 scale mail {rPois}
rNeg   . . .     SustAt   .     g - +2 shield
rPois  +         Gourm    .     (no helmet)
rElec  .         Spirit   .     (no cloak)
rCorr  .         Warding  .     (no gloves)
rMut   .         Stasis   .     (no boots)
MR     .....                    (no amulet)
Stlth  ++........               (no ring)
                                (no ring)

@: very slightly contaminated, hasted, invisible, very quick, not resistant to
hostile enchantments, unstealthy
A: nightstalker 1
a: Potion Petition, Call Merchant, Bribe Branch, Renounce Religion


You were on level 2 of the Dungeon.
You worshipped Gozag.
Gozag was noncommittal.
You were not hungry.

You visited 1 branch of the dungeon, and saw 2 of its levels.

You collected 181 gold pieces.

Inventory:

Armour
 g - a +2 shield (worn)
 m - a +1 scale mail of poison resistance (worn)
Jewellery
 q - a cursed ring of loudness {unknown}
 u - an uncursed ring of protection from cold {unknown}
Scrolls
 c - a scroll of teleportation {unknown}
 e - a scroll of blinking {unknown}
 j - a scroll of fog {unknown}
 k - a scroll of remove curse {unknown}
 n - a scroll of random uselessness {unknown}
 r - a scroll of enchant armour {unknown}
 t - a scroll of enchant weapon {unknown}
Potions
 a - a potion of mutation {unknown}
 d - a potion of lignification {unknown}
 f - 2 potions of curing {unknown}
 i - a potion of heal wounds {unknown}
 l - a potion of poison {unknown}
 o - a potion of ambrosia {unknown}
 p - a potion of brilliance {unknown}


   Skills:
 - Level 3.0 Fighting
 - Level 2.6 Dodging
 - Level 1.7 Stealth
 + Level 5.2 Unarmed Combat


You had 3 spell levels left.
You didn't know any spells.

Dungeon Overview and Level Annotations

Branches:
Dungeon (2/15)

Altars:
Gozag

Annotations:
D:2 Robin


Innate Abilities, Weirdness & Mutations

You are slightly more attuned to the shadows.


Message History

The goblin shouts!
You are very lightly contaminated with residual magic.
You take 2 damage, and have 6/35 hp.
You hit the goblin.
The goblin is no longer distracted by gold.
You block the goblin's attack.
The goblin hits you with an enchanted dagger.
* * * LOW HITPOINT WARNING * * *
You block the hobgoblin's attack. The hobgoblin hits you.
* * * LOW HITPOINT WARNING * * *
The goblin hits you but does no damage. The goblin barely misses you.
The goblin closely misses you.
You take 5 damage, and have 1/35 hp.
Drink which item? (? for menu, Esc to quit)
It was a potion of invisibility.
You fade into invisibility!
The goblin closely misses you. x2
The goblin hits you with an enchanted dagger.
You die...
Your body crumbles into a pile of gold.

#≈≈..#
..#.....#...#
#≈≈..#
#.....#...#
#≈≈..#
#..)..#...#
≈≈..#
##.....##'##
............#
#............#
##########...#
#....ggg#...#
+....g@g'...#
$#...gggg'...#
#############


You could see Robin, 2 hobgoblins and 6 goblins.

Vanquished Creatures
  Terence (D:2)
  2 worms (D:2)
  A giant gecko (D:1)
  3 giant cockroaches
  5 hobgoblins
  6 jackals (D:2)
  8 kobolds
  A quokka (D:1)
  A ball python (D:1)
  3 bats (D:1)
  A giant newt (D:2)
  7 goblins
  3 rats
42 creatures vanquished.

Notes
Turn   | Place    | Note
--------------------------------------------------------------
     0 | D:1      | Goblin1989 the Demonspawn Monk began the quest for the Orb.
     0 | D:1      | Reached XP level 1. HP: 18/18 MP: 1/1
   180 | D:1      | Reached skill level 4 in Unarmed Combat
   330 | D:1      | Gained mutation: You are slightly more attuned to the shadows. [demonic ancestry]
   330 | D:1      | Reached XP level 2. HP: 24/24 MP: 2/2
   631 | D:2      | Noticed Terence
  1043 | D:2      | Reached XP level 3. HP: 24/29 MP: 3/3
  1053 | D:2      | Killed Terence
  1233 | D:2      | Reached skill level 5 in Unarmed Combat
  1242 | D:2      | Found an opulent altar of Gozag.
  1274 | D:2      | Became a worshipper of Gozag Ym Sagoz the Greedy
  1400 | D:2      | Reached XP level 4. HP: 26/35 MP: 4/4
  1628 | D:2      | Noticed Robin
  1641 | D:2      | HP: 1/35 [hobgoblin[Robin] (1)]
  1642 | D:2      | Slain by a goblin

Action                   |  1- 3 |  4- 6 || total
-------------------------+-------+-------++-------
Melee: Unarmed           |   139 |    38 ||   177
  Use: Potion            |       |     2 ||     2
 Stab: Sleeping          |     3 |       ||     3
  Eat: Bread ration      |       |     1 ||     1
